[Event "87th Tata Steel Challengers 2025"]
[Site "Wijk aan Zee"]
[Date "2025.01.18"]
[Round "1.2"]
[White "Nguyen, Thai Dai Van"]
[Black "Pijpers, Arthur"]
[Result "1-0"]
[Annotator "TA"]
[ECO "A49"]
[WhiteElo "2668"]
[BlackElo "2474"]
[PlyCount "75"]
[EventDate "2025.01.13"]
[EventType "tourn"]
[EventCountry "NED"]
[SourceTitle "playchess.com"]
[Source "ChessBase"]
[SourceQuality "1"]
[TimeControl "40/6000+30:20/3000+30:900+30"]

1. d4 Nf6 2. Nf3 g6 3. g3 Bg7 4. Bg2 c5 5. dxc5 Qa5+ 6. c3 Qxc5 7. Nd4 O-O 8. e4 Nc6 9. O-O d6 10. h3 Bd7 11. Be3 {[%emt 0:16:13][%cal Od4e6] Black should prevent Ne6!.} Qa5 12. Na3 Rac8 13. Qe2 Qa6 14. Qxa6 bxa6 15. Rfd1 Rc7 16. Ne2 Rb8 17. Rab1 a5 18. b3 Nd8 19. c4 Bc6 20. Nc3 Rcb7 21. Nab5 Nd7 22. Nd5 {[%emt 0:15:58] White has more active pieces.} (22. Bxa7 Rxa7 23. Nxa7 Bxc3 24. Nxc6 Nxc6 $17) (22. Rbc1 {feels hotter.} Nc5 23. e5 Bxg2 24. exd6 Bf3 25. dxe7 Nde6 26. Rd8+) 22... Bxd5 ({Black should play} 22... Nc5 $14) 23. exd5 $16 (23. Rxd5 $6 a6 24. Na3 Nc6 $14 (24... a4 25. c5 $11)) 23... a6 24. Na7 Ne5 ({Reject} 24... Ra8 25. Nc6 $18) (24... Nb6 $16 {was worth a try.}) 25. Rbc1 $18 a4 26. bxa4 Rc7 {[%emt 0:01:22] [#]} 27. a5 $1 Rxc4 $2 (27... Ra8 28. c5 Rcxa7 (28... Raxa7 $2 {is the wrong capture.} 29. c6 $18)) 28. Nc6 Ndxc6 29. dxc6 Rc8 30. Bb6 {[%emt 0:01:40] aiming for c7. This pair of bishops is nice.} e6 31. c7 d5 32. Bf1 Rxc1 33. Rxc1 Nc4 34. Bxc4 dxc4 35. Rd1 {[%emt 0:00:14] Rd8+ would kill now.} Bf6 36. Rd8+ Bxd8 37. cxd8=Q+ Rxd8 38. Bxd8 1-0

[Event "87th Tata Steel Challengers 2025"]
[Site "Wijk aan Zee"]
[Date "2025.01.21"]
[Round "4.4"]
[White "Nguyen, Thai Dai Van"]
[Black "Suleymanli, Aydin"]
[Result "1/2-1/2"]
[Annotator "TA"]
[ECO "C77"]
[WhiteElo "2668"]
[BlackElo "2623"]
[PlyCount "61"]
[EventDate "2025.01.13"]
[EventType "tourn"]
[EventCountry "NED"]
[SourceTitle "playchess.com"]
[Source "ChessBase"]
[SourceQuality "1"]
[TimeControl "40/6000+30:20/3000+30:900+30"]

1. e4 e5 2. Nf3 Nc6 3. Bb5 a6 4. Ba4 Nf6 5. d3 d6 6. c3 g6 7. O-O Bg7 8. Re1 O-O 9. h3 b5 10. Bc2 d5 11. Be3 Re8 12. Nbd2 dxe4 13. dxe4 Nh5 14. a4 {[%emt 0:01:35] And now axb5 would win.} Rb8 15. axb5 axb5 16. Nb3 Qf6 17. Bg5 Qd6 18. Qc1 Nf4 19. Qe3 Ne6 20. Bh6 (20. Red1 $5 Qf8 $8 21. Bh4 $11) 20... b4 21. Bxg7 Kxg7 22. Red1 Qe7 23. Nc1 bxc3 24. bxc3 Nf4 25. Ba4 Rd8 26. Nd3 Nxd3 27. Rxd3 Rxd3 28. Qxd3 Ra8 29. Qd1 Qc5 30. Bxc6 Rxa1 31. Qxa1 1/2-1/2

[Event "87th Tata Steel Challengers 2025"]
[Site "Wijk aan Zee"]
[Date "2025.01.24"]
[Round "6.4"]
[White "Nguyen, Thai Dai Van"]
[Black "L'Ami, Erwin"]
[Result "1/2-1/2"]
[Annotator "TA"]
[ECO "B90"]
[WhiteElo "2668"]
[BlackElo "2614"]
[PlyCount "74"]
[EventDate "2025.01.13"]
[EventType "tourn"]
[EventCountry "NED"]
[SourceTitle "playchess.com"]
[Source "ChessBase"]
[SourceQuality "1"]
[TimeControl "40/6000+30:20/3000+30:900+30"]

1. e4 c5 2. Nf3 d6 3. d4 cxd4 4. Nxd4 Nf6 5. Nc3 a6 6. a4 e5 7. Nf3 Be7 8. Bg5 Be6 {[%emt 0:01:40] B90: Sicilian Najdorf: Unusual White 6th moves, 6 Be3 Ng4 and 6 Be3 e5.} 9. Bxf6 Bxf6 10. Nd5 {[%emt 0:00:05] Prevents Qb6} Nd7 11. Bc4 Rc8 12. Qe2 Nb6 13. Nxf6+ Qxf6 14. Bxe6 Qxe6 15. O-O O-O 16. Rfd1 Rc6 17. b3 Nd7 18. Rd2 {[%emt 0:07:43] Not much happening anymore} Nf6 $146 (18... Rfc8 $11) (18... Rfc8 19. Rad1 Qe7 20. g3 Nc5 21. Rd5 b5 22. axb5 axb5 23. h4 h6 24. h5 Qf6 {½-½ Ivanchuk,V (2611)-Donchenko,A (2633) Sunway Formentera op 3rd 2024 (8)}) 19. Rad1 $14 Qg4 (19... Rfc8 $14) 20. Rxd6 $16 Rxd6 21. Rxd6 Nxe4 22. h3 Qf4 23. g3 ({Better is} 23. Rd7 $16) 23... Qc1+ $11 24. Qd1 Qxd1+ 25. Rxd1 {[%emt 0:00:07][%mdl 4096] Endgame KRN-KRN} f6 26. a5 Rc8 27. c4 Rc7 28. Kf1 Kf7 29. Rc1 Nc5 30. Rb1 Nd3 31. Nd2 Nb4 32. Ne4 f5 33. Ng5+ Kg6 (33... Ke7 $1 $15) 34. Ne6 {[%emt 0:03:15] The position is equal.} Re7 35. Nc5 Rc7 36. Ne6 Re7 37. Nc5 Rc7 {[%emt 0:00:05] Weighted Error Value: White=0.10 (very precise) /Black=0.07 (flawless)   Mistake:       	White=1     	Black=3      Inaccurate:     	White=1     	---        OK:         	White=16    	Black=14     Best:        	White=2     	Black=1} 1/2-1/2